 Dungeon Crawl Stone Soup version 0.31.0-32-g396128a36d (webtiles) character file.

Game seed: 9270119981220713634

1511 hawla the Ducker (level 8, -10/61 HPs)
             Began as a Deep Elf Fire Elementalist on Apr 6, 2024.
             Mangled by a hornet (12 damage)
             ... on level 8 of the Dungeon.
             The game lasted 00:15:01 (6789 turns).

hawla the Ducker (Deep Elf Fire Elementalist)       Turns: 6789, Time: 00:15:02

Health: -10/61     AC: 24    Str: 11    XL:     8   Next: 53%
Magic:  20/25      EV:  2    Int: 23    God:
Gold:   150        SH:  0    Dex: 15    Spells: 8/15 levels left

rFire   . . .        u - +7 quarterstaff (chaos)
rCold   . . .        (shield currently unavailable)
rNeg    . . .        a - melded +0 robe
rPois   +            (helmet currently unavailable)
rElec   .            v - melded +0 cloak
rCorr   .            (gloves currently unavailable)
SInv    .            s - melded +0 pair of boots
Will    .....        (no amulet)
Stlth   ++           g - ring of magical power
HPRegen 0.30/turn    w - +6 ring of strength
MPRegen 0.19/turn

%: no passive effects
@: lethally poisoned (-10 -> -14), tree-form, slowed, very slow
A: stationary, stasis, torment immunity, boosted hp
a: no special abilities


You were on level 8 of the Dungeon.
You were a tree.
You visited 1 branch of the dungeon, and saw 7 of its levels.
You also visited: Sewer.

You collected 479 gold pieces.
You spent 329 gold pieces at shops.

Inventory:

Hand Weapons
 u - a +7 quarterstaff of chaos (weapon)
Armour
 a - a +0 robe (melded)
 s - a +0 pair of boots (melded)
 v - a +0 cloak (melded)
 A - the +13 chain mail "Lieqau Zaji" {Str+5}
   (You found it on level 5 of the Dungeon)

   Str+5:     It affects your strength (+5).
Magical Staves
 h - a staff of conjuration
 y - a staff of death
Jewellery
 g - a ring of magical power (left branch)
 k - a +6 ring of intelligence
 w - a +6 ring of strength (right branch)
Wands
 c - a wand of mindburst (13)
 e - a wand of iceblast (14)
 C - a wand of light (4)
Scrolls
 m - a scroll of immolation {unknown}
 o - a scroll of enchant armour
 r - 3 scrolls of amnesia
 t - a scroll of revelation
 x - a scroll of poison {unknown}
 z - a scroll of silence {unknown}
 B - a scroll of teleportation
 E - a scroll of identify
Potions
 b - a potion of magic
 d - a potion of lignification
 f - a potion of enlightenment
 i - 4 potions of brilliance {unknown}
 j - a potion of berserk rage {unknown}
 l - 2 potions of degeneration {unknown}
 n - 3 potions of curing {unknown}
 p - a potion of mutation {unknown}
 q - a potion of might {unknown}
 D - a potion of attraction {unknown}


   Skills:
 + Level 6.3 Staves
 + Level 6.4 Dodging
 - Level 2.4 Stealth
 - Level 4.3 Spellcasting
 - Level 4.5 Conjurations
 - Level 5.8 Fire Magic
 - Level 1.9 Evocations


You had 8 spell levels left.
You knew the following spells:

 Your Spells              Type           Power      Damage    Failure   Level
a - Foxfire               Conj/Fire      100%       2x1d9     1%          1
b - Scorch                Fire           62%        2d7       1%          2
c - Flame Wave            Conj/Fire      28%        2d9       12%         4

Your spell library contained the following spells:

 Spells                   Type           Power      Damage    Failure   Level
 Inner Flame              Hex/Fire       18%        N/A       9%          3
 Volatile Blastmotes      Fire/Tloc      36%        2d13      9%          3
 Hailstorm                Conj/Ice       15%        3d6       12%         3
 Summon Ice Beast         Ice/Summ       4%         N/A       30%         3
 Sculpt Simulacrum        Ice/Alch       2%         N/A       100%        6


Dungeon Overview and Level Annotations

Branches:
Dungeon (6/15)              Sewer (visited)
 Temple: D:4-7

Altars:
Cheibriados

Shops:
D:3 (   D:4 *!:   D:5 (   D:6 *

Annotations:
D:4 Eustachio
D:8 Amaemon


Message History

You conjure some foxfire!
An orc warrior comes into view. It is wielding a +0 halberd.
Casting: Foxfire (safe; 1% risk of failure)
Confirm with . or Enter, or press ? or * to list all spells.
You conjure some foxfire!
The orc warrior shouts!
You hear a shout!
An orc comes into view. It is wielding a +0 mace.
Casting: Foxfire (safe; 1% risk of failure)
Confirm with . or Enter, or press ? or * to list all spells.
Flames lash the hornet but do no damage.
The foxfire hits the hornet!
The hornet is moderately wounded.
The foxfire hits the hornet but does no damage.
The hornet is moderately wounded.
The foxfire hits the hornet.
The hornet is moderately wounded.
The foxfire hits the hornet.
The hornet is heavily wounded.
The hornet stings you!
You are poisoned.
You feel yourself slow down.
The hornet stings you but does no damage.
Casting: Scorch (safe; 1% risk of failure)
Confirm with . or Enter, or press ? or * to list all spells.
Flames lash the hornet.
The hornet is heavily wounded.
The hornet's fire resistance burns away.
You feel yourself speed up.
You feel very sick. The hornet stings you!
You feel yourself slow down.
An orc wizard comes into view. It is wielding a +0 dagger.
The hornet stings you!
* * * LOW HITPOINT WARNING * * *
You feel as though you will be slow longer.
You turn into a tree.
Your +0 cloak melds into your body.
Your +0 pair of boots melds into your body.
Your +0 robe melds into your body.
Your roots penetrate the ground.
* * * LOW HITPOINT WARNING * * *
You feel sick. The hornet stings you!
You die...

.#.#.#.#.#.#o#
.!...........
.#.#.#.#.#.#.#.
#.........o...
#.#.#.#.#.#.#
#.....§...
###.#.#.#.#.#.#.
#.......♣y......
#.#..#.#)#.#.#.#
#>#..........
#[#######....#
#.# ..### #.#
.## #.# .# #.#
## ...


You could see a hornet (combustible), an orc wizard and an orc.

Vanquished Creatures
  Grinder (D:4)
  An ice beast (D:5)
  A black bear (D:6)
  A phantom (D:5)
  A bullfrog (D:6)
  Blork the orc (D:4)
  4 scorpions
  A howler monkey (D:5)
  A bombardier beetle (D:5)
  3 hounds
  2 jellies
  Crazy Yiuf (D:3)
  Ijyb (D:3)
  2 iguanas
  An orc wizard (D:3)
  A hell rat (Sewer)
  A sleepcap (D:4)
  Terence (D:3)
  7 gnolls
  3 river rats
  7 adders
  6 ribbon worms
  3 dart slugs
  11 orcs
  3 ball pythons
  5 bats
  7 endoplasms
  2 giant cockroaches (D:1)
  12 goblins
  7 hobgoblins
  4 quokkas
  A frilled lizard (D:2)
  6 kobolds
  23 rats
132 creatures vanquished.

Vanquished Creatures (others)
  168 foxfires
168 creatures vanquished.

Grand Total: 300 creatures vanquished

Notes
Turn   | Place    | Note
-------+----------+-------------------------------------------
     0 | D:1      | hawla the Deep Elf Fire Elementalist began the quest for
                  | the Orb.
     0 | D:1      | Reached XP level 1. HP: 10/10 MP: 6/6
   180 | D:1      | Reached XP level 2. HP: 7/15 MP: 4/8
   183 | D:1      | Learned a level 2 spell: Scorch
   556 | D:1      | Found a faded altar of an unknown god.
  1228 | D:2      | Reached XP level 3. HP: 19/19 MP: 9/9
  1294 | D:2      | Reached skill level 1 in Evocations
  1819 | D:2      | Reached XP level 4. HP: 7/24 MP: 8/10
  1940 | D:2      | Reached skill level 1 in Staves
  1984 | D:2      | Learned a level 4 spell: Flame Wave
  2143 | D:2      | Found a snail-covered altar of Cheibriados.
  2247 | D:3      | Noticed Ijyb
  2255 | D:3      | Killed Ijyb
  2307 | D:3      | Reached XP level 5. HP: 28/28 MP: 12/12
  2397 | D:3      | Reached skill level 5 in Fire Magic
  2638 | D:3      | Found Guhaneju's Antique Weapon Emporium.
  2748 | D:3      | Noticed Terence
  2755 | D:3      | Killed Terence
  2769 | D:3      | Reached XP level 6. HP: 21/32 MP: 2/13
  2795 | D:3      | Found a glowing drain.
  2801 | Sewer    | Entered a sewer
  3398 | D:3      | Found a runed translucent door.
  3399 | D:3      | Noticed Crazy Yiuf
  3439 | D:3      | Killed Crazy Yiuf
  3538 | D:4      | Noticed Blork the orc
  3542 | D:4      | Killed Blork the orc
  3648 | D:4      | Found Jigot's Distillery.
  3711 | D:4      | Found Tupnux's Book Boutique.
  4112 | D:4      | Found Vum Adwe's General Store.
  4123 | D:4      | Bought a scroll of amnesia for 44 gold pieces
  4123 | D:4      | Bought a potion of lignification for 33 gold pieces
  4188 | D:4      | Noticed Grinder
  4194 | D:4      | Killed Grinder
  4195 | D:4      | Reached XP level 7. HP: 21/36 MP: 14/15
  4276 | D:4      | Noticed Eustachio
  5044 | D:5      | Entered Level 5 of the Dungeon
  5251 | D:5      | Identified the +13 chain mail "Lieqau Zaji" {Str+5}
  5336 | D:5      | Found Tedoeme's Weapon Emporium.
  5460 | D:5      | Reached skill level 5 in Staves
  5566 | D:5      | Reached XP level 8. HP: 32/41 MP: 13/16
  5702 | D:5      | Reached skill level 5 in Dodging
  6670 | D:6      | Found Zemes's Gadget Gallery.
  6675 | D:6      | Bought a wand of mindburst (6) for 84 gold pieces
  6675 | D:6      | Bought a wand of light (4) for 168 gold pieces
  6739 | D:6      | You fall into a shaft and drop 2 floors!
  6750 | D:8      | Noticed an orange demon
  6751 | D:8      | Noticed Amaemon
  6782 | D:8      | Noticed a hornet
  6788 | D:8      | HP: 2/41 [hornet (16)]
  6789 | D:8      | Mangled by a hornet

Illustrated notes

Levels and vault maps discovered:
D:1:      dpeg_arrival_morbid_curiosity, layout_basic,
          ebering_ecumenical_altar_petrified
D:2:      minmay_diamond_boxcup, layout_loops_ring, basic_altar
D:3:      layout_basic, serial_shops, shop, lightli_sewer_entry_pipes,
          uniq_ijyb, uniq_terence, uniq_crazy_yiuf_cottage
D:4:      layout_loops_corners, serial_shops, shop_fountains,
          nicolae_take_the_stairs, nicolae_shop_tiny_glass,
          nicolae_eternal_life, uniq_blork_the_orc, uniq_grinder, uniq_eustachio
D:5:      layout_basic, serial_shops, shop, water_boxes_lemuel
D:6:      layout_rooms, nicolae_inconvenience_store, minmay_crystal_room,
          serial_bayou_pond_d, nicolae_shop_gadgets
D:8:      layout_loops_ring, kennysheep_little_box,
          mainiacjoe_overflow_large_starburst,
          chequers_temple_overflow_statue_of_worship, hex_large, nrook_uturn,
          jiyva_altar_1, uniq_amaemon

Skill      XL: |  1  2  3  4  5  6  7  8 |
---------------+-------------------------+-----
Fire Magic     | 4 5 |  5.8
Evocations     | 1 |  1.9
Conjurations   | 2 3 4 |  4.5
Staves         | 1 3 5 6 |  6.3
Spellcasting   | 4 |  4.3
Dodging        | 4 6 |  6.4
Stealth        | |  2.4

Action                     |  1- 3 |  4- 6 |  7- 9 || total
---------------------------+-------+-------+-------++-------
  Melee: Unarmed           |     2 |       |       ||     2
         Staff             |    14 |    29 |       ||    43
         Punch             |     1 |     1 |       ||     2
         Quarterstaff      |       |    15 |    35 ||    50
   Cast: Foxfire           |    39 |    43 |    15 ||    97
         Scorch            |    18 |    38 |    37 ||    93
         Flame Wave        |       |     4 |     4 ||     8
    Use: Scroll            |     4 |     6 |     5 ||    15
         Potion            |     1 |       |     2 ||     3
   Stab: Sleeping          |     1 |     1 |     3 ||     5
         Petrifying        |       |       |     1 ||     1
 Armour: Robe              |    14 |    29 |    46 ||    89
         Skin              |    10 |     1 |     1 ||    12
  Dodge: Dodged            |    17 |    43 |    50 ||   110
